Map: Acropolis LE

Players

IlIlIlIlIlIl - Winner!

  • Race: Zerg Zerg
  • League: Master
  • Spawn Location: 11:00

Mez

  • Race: Terran Terran
  • League: Master
  • Spawn Location: 5:00

VOD

Have the link to the VOD?

Description

Time

  • Played on: Sept. 5, 2019, 7:46 a.m.
  • Length: 13:06
Show
View Real Time Build Order
Export as new Build Order

IlIlIlIlIlIl Zerg - Winner!

Build Orders: Pool First 

Get SALT Encoding   

  12  0:01  Drone  
  13  0:13  Overlord  
  13  0:16  Drone  
  14  0:31  Drone  
  14  0:32  Drone  
  17  0:35  Drone  
  17  0:45  Spawning Pool  
  17  0:47  Drone  
  17  0:49  Extractor  
  16  1:09  Hatchery  
  15  1:14  Drone  
  16  1:32  Zergling x6  
  19  1:39  Queen  
  21  1:50  Drone  
  22  1:54  Metabolic Boost  
  22  2:02  Overlord  
  22  2:23  Hatchery  
  20  2:35  Drone x3  
  20  2:36  Drone x2  
  24  2:52  Drone x2  
  24  2:53  Queen  
  27  3:04  Zergling x10  
  32  3:14  Drone x2  
  34  3:20  Overlord  
  34  3:29  Zergling x2  
  35  3:34  Queen  
  35  3:38  Overlord  
  35  3:39  Drone x4  
  41  3:49  Queen  
  41  3:50  Overlord  
  41  3:52  Drone x2  
  41  3:54  Overlord  
  45  4:06  Zergling x2  
  45  4:07  Zergling x10  
  49  4:26  Drone x7  
  54  4:33  Zergling x4  
  54  4:34  Zergling x2  
  55  4:41  Drone  
  55  4:42  Drone  
  57  4:46  Drone  
  57  4:49  Queen x2  
  57  4:50  Overlord  
  56  5:08  Zergling x2  
  56  5:09  Zergling x14  
  64  5:16  Drone  
  64  5:17  Spore Crawler  
  64  5:18  Drone x2  
  66  5:26  Zergling x2  
  64  5:38  Drone x2  
  64  5:39  Drone x4  
  64  5:40  Drone  
  71  5:49  Drone x3  
  71  5:51  Extractor  
  71  5:52  Roach Warren  
  69  6:10  Lair  
  70  6:11  Zergling x4  
  70  6:12  Zergling x6, Extractor  
  70  6:14  Extractor  
  69  6:43  Drone x3  
  69  6:44  Drone  
  69  6:46  Overlord  
  73  6:51  Overlord  
  73  6:56  Hatchery  
  73  6:57  Drone  
  73  6:58  Overlord x3  
  73  7:00  Hatchery  
  72  7:07  Drone  
  72  7:08  Drone x2  
  75  7:09  Roach x3  
  75  7:11  Overlord x3  
  75  7:13  Extractor  
  78  7:17  Overlord  
  78  7:18  Zergling x6  
  81  7:23  Baneling Nest  
  81  7:27  Drone x3  
  81  7:28  Queen, Drone x3  
  81  7:29  Queen x2  
  92  7:34  Zergling x2  
  92  7:35  Zergling x10  
  98  7:44  Drone  
  98  7:45  Drone  
  98  7:48  Drone x3  
  98  7:49  Extractor  
  102  8:01  Roach x3  
  102  8:02  Roach  
  102  8:03  Drone x3  
  113  8:10  Baneling x4  
  113  8:11  Centrifical Hooks  
  113  8:19  Zergling x2, Drone x2  
  116  8:20  Zergling x16  
  124  8:28  Drone  
  124  8:29  Drone x3  
  124  8:32  Drone x2, Evolution Chamber  
  124  8:33  Evolution Chamber  
  126  8:35  Overseer  
  126  8:36  Overseer  
  126  8:38  Pneumatized Carapace  
  126  8:40  Burrow  
  126  8:42  Overlord x2  
  126  8:44  Drone x9  
  126  8:45  Drone  
  136  9:00  Zergling x18  
  136  9:01  Zergling x6  
  148  9:05  Zerg Melee Weapons Level 1  
  148  9:06  Zerg Ground Armor Level 1  
  148  9:09  Zergling x4  
  150  9:10  Extractor  
  150  9:11  Ravager, Baneling, Extractor  
  150  9:12  Ravager, Baneling  
  150  9:13  Ravager, Baneling x4  
  150  9:14  Ravager x3  
  150  9:15  Zergling x2  
  150  9:16  Zergling x16  
  163  9:21  Baneling x15  
  163  9:22  Baneling x3  
  157  9:35  Zergling x18  
  157  9:36  Zergling x8  
  154  9:43  Zergling x2  
  154  9:44  Zergling x12  
  154  9:46  Drone x3  
  149  10:03  Zergling x18  
  149  10:04  Zergling x12  
  156  10:12  Infestation Pit, Drone  
  156  10:13  Zergling x2  
  156  10:14  Zergling x10  
  157  10:19  Zergling x4  
  157  10:24  Overlord x2  
  157  10:25  Overlord x3  
  147  10:43  Spire  
  125  10:51  Zergling x2  
  125  10:52  Zergling x48  
  125  10:53  Zergling x6  
  148  10:57  Zergling x2  
  148  10:58  Zergling x2  
  148  11:01  Baneling x3  
  138  11:12  Zergling x2  
  138  11:13  Zergling x10  
  142  11:23  Baneling x11  
  142  11:24  Baneling x17  
  141  11:27  Hive  
  141  11:29  Drone x3  
  141  11:30  Drone x2  
  146  11:44  Zergling x2  
  146  11:45  Zergling x32  
  146  11:46  Zergling x4  
  164  11:51  Zergling x2, Hatchery  
  164  11:52  Zergling x6  
  149  12:01  Corruptor  
  149  12:02  Corruptor x3  
  149  12:03  Zergling x4  
  154  12:09  Corruptor  
  154  12:10  Corruptor  
  157  12:21  Baneling x12  
  157  12:22  Baneling  
  154  12:23  Zergling x12  
  154  12:24  Zergling x6  
  147  12:44  Zergling x2  
  147  12:45  Zergling x34  
Show
View Real Time Build Order
Export as new Build Order

Mez Terran 

Build Orders: Liberator Opening, Reaper Expand 

Get SALT Encoding   

  12  0:00  SCV  
  13  0:12  SCV  
  14  0:17  Supply Depot  
  14  0:25  SCV  
  15  0:38  SCV  
  15  0:40  Barracks  
  16  0:44  Refinery  
  16  0:50  SCV  
  17  1:02  SCV  
  18  1:15  SCV  
  19  1:28  Orbital Command, Reaper  
  20  1:41  Command Center  
  20  1:50  Supply Depot  
  20  1:54  SCV  
  20  2:00  Marine  
  22  2:13  Factory  
  22  2:16  SCV, Refinery  
  22  2:37  Barracks Reactor  
  22  2:40  SCV  
  21  2:52  SCV  
  22  3:02  Starport  
  22  3:04  SCV  
  23  3:10  Orbital Command  
  23  3:16  SCV  
  23  3:18  Barracks Tech Lab  
  28  3:20  Hellion x2  
  28  3:28  Liberator, SCV  
  28  3:36  SCV  
  28  3:40  SCV  
  30  3:42  Hellion x2  
  30  3:47  Marine  
  38  3:53  SCV x2  
  40  4:03  Supply Depot  
  40  4:05  Supply Depot  
  40  4:06  SCV x2  
  40  4:08  Marine  
  41  4:19  Hellion x2  
  43  4:26  Marine  
  40  4:39  SCV x2  
  42  4:51  SCV x2  
  44  4:53  Barracks  
  44  4:56  Barracks  
  44  5:09  SCV  
  44  5:12  SCV  
  44  5:13  Starport Reactor  
  44  5:14  Factory Reactor  
  46  5:15  Marine, Factory Tech Lab, Stimpack  
  46  5:21  SCV  
  48  5:24  SCV  
  49  5:40  SCV x2  
  51  5:51  Command Center  
  54  5:57  Marine x2, Siege Tank  
  54  5:58  Marine  
  54  5:59  Marine  
  54  6:02  Starport Reactor  
  54  6:03  SCV x2  
  60  6:07  Marine  
  61  6:15  SCV  
  62  6:23  Supply Depot  
  62  6:24  Supply Depot  
  62  6:25  Engineering Bay  
  62  6:28  Engineering Bay  
  62  6:31  Marine, SCV x2  
  62  6:32  Siege Tank  
  62  6:42  Refinery  
  62  6:43  Refinery  
  62  6:44  Marine x3  
  65  6:49  Marine, SCV x2  
  65  6:50  Marine  
  65  6:51  Medivac  
  71  6:56  Medivac  
  71  7:01  SCV x2  
  75  7:02  Marine, Supply Depot  
  75  7:05  Supply Depot  
  75  7:08  Terran Infantry Armor Level 1, Terran Infantry Weapons Level 1  
  76  7:20  SCV x2  
  78  7:24  Marine x3  
  78  7:25  Marine x2  
  78  7:29  Combat Shield  
  83  7:32  SCV  
  83  7:35  Supply Depot  
  84  7:37  Supply Depot  
  84  7:40  Siege Tank  
  84  7:42  Marine  
  88  7:44  Medivac x2  
  88  7:47  SCV  
  88  7:48  SCV  
  94  7:57  Supply Depot  
  94  8:01  Marine x5  
  94  8:04  Supply Depot  
  99  8:07  Supply Depot  
  99  8:14  Orbital Command  
  99  8:15  SCV x2  
  101  8:21  Marine x2  
  101  8:22  Marine  
  101  8:23  Siege Tank  
  107  8:33  Marine x2, SCV x2  
  111  8:39  Marine, Barracks  
  111  8:40  Barracks  
  112  8:44  Armory  
  112  8:45  SCV  
  113  8:50  SCV x2  
  115  8:57  SCV  
  117  9:02  SCV  
  117  9:04  Marine x4  
  117  9:05  Siege Tank  
  124  9:14  SCV x2  
  124  9:15  Marine  
  127  9:20  Factory  
  127  9:21  Command Center  
  127  9:22  Marine  
  128  9:24  Supply Depot  
  128  9:25  Supply Depot  
  128  9:36  Marine x2  
  128  9:37  Marine x4, Siege Tank  
  130  9:39  Marine  
  128  9:54  Marine  
  126  10:00  Marine x4  
  126  10:02  Barracks Reactor x2  
  126  10:03  Medivac  
  126  10:04  Medivac  
  126  10:05  SCV  
  132  10:12  Marine, SCV x2  
  132  10:13  Refinery  
  135  10:15  Refinery  
  135  10:17  Factory Tech Lab, SCV  
  135  10:18  Marine x2, Siege Tank  
  141  10:24  Marine x2, SCV  
  141  10:26  SCV  
  145  10:29  SCV  
  145  10:30  Marine  
  137  10:35  Marine  
  137  10:36  Marine  
  137  10:42  Marine x3  
  129  10:43  Marine x3  
  129  10:44  Siege Tank  
  129  10:48  Marine  
  117  10:50  Siege Tank  
  117  10:53  Marine x2  
  112  11:00  Marine x3  
  112  11:01  Marine x3  
  115  11:05  Marine  
  96  11:11  Marine x2, SCV  
  96  11:16  Siege Tank  
  96  11:18  Marine x5  
  92  11:19  Marine  
  92  11:22  Siege Tank  
  92  11:25  Marine  
  97  11:30  Medivac x2  
  97  11:31  Marine  
  103  11:37  SCV x3  
  106  11:44  Marine x4  
  108  11:49  SCV x3  
  89  12:01  Marine x2  
  89  12:03  Marine  
  70  12:27  Marine x4  
  70  12:28  Marine x5  
  70  12:29  Siege Tank  
Tags
 
Add a new tag
Caveats
  • Supply blocks, unpowered buildings, or Contaminate may cause inaccurate times.
  • Supply counts are checked every 10 seconds.